2739 views
Uploaded 2020-02-12 19:11:52
Game version 1.32 / 1.32.1
10:21 long 2on2 ladder game on (4)HillsbradCreek
Saved by iggythefisk
2739 views
Uploaded 2020-02-12 19:11:52
Game version 1.32 / 1.32.1
10:21 long 2on2 ladder game on (4)HillsbradCreek


48 units @ 5.6k
/ 0.5k
27 buildings @ 3.5k
/ 1.5k


| Scroll of Regeneration | 2 | 200 |
| Ivory Tower | 2 | 80 |
| total: | 4 | 280g |
| Peasant | 10 | 750 | / | 0 |
| Footman | 10 | 1350 | / | 0 |
| Sorceress | 6 | 930 | / | 120 |
| Priest | 2 | 270 | / | 20 |
| total: | 28 | 3300g | / | 140w |
| Guard Tower | 2 | 140 | / | 100 |
| Altar of Kings | 1 | 180 | / | 50 |
| Barracks | 1 | 160 | / | 60 |
| Farm | 10 | 800 | / | 200 |
| Arcane Vault | 1 | 130 | / | 30 |
| Lumber Mill | 1 | 120 | / | 0 |
| Arcane Sanctum | 2 | 300 | / | 280 |
| Keep | 1 | 320 | / | 210 |
| total: | 16 | 1690g | / | 620w |
| 0:01 | Peasant |
| 0:03 | Altar of Kings |
| 0:10 | Peasant |
| 0:17 | Barracks |
| 0:19 | Peasant |
| 0:32 | Farm |
| 0:34 | Peasant |
| 0:47 | Farm |
| 0:55 | Peasant |
| 1:11 | Peasant |
| 1:20 | Footman |
| 1:24 | Peasant |
| 1:27 | Farm |
| 1:31 | Peasant |
| 1:38 | Peasant |
| 1:44 | Footman |
| 1:51 | Peasant |
| 2:05 | Footman |
| 2:08 | Summon Water Elemental |
| 2:23 | Footman |
| 3:09 | Arcane Vault |
| 3:25 | Keep |
| 3:25 | Footman |
| 4:06 | Footman |
| 4:07 | Farm |
| 4:08 | Farm |
| 4:11 | Farm |
| 4:29 | Footman |
| 4:43 | Farm |
| 4:55 | Footman |
| 5:18 | Defend |
| 5:22 | Brilliance Aura |
| 6:00 | Arcane Sanctum |
| 6:01 | Arcane Sanctum |
| 6:18 | Footman |
| 6:23 | Scroll of Regeneration |
| 6:30 | Lumber Mill |
| 6:46 | Sorceress |
| 6:48 | Sorceress |
| 7:02 | Priest |
| 7:04 | Storm Bolt |
| 7:12 | Farm |
| 7:15 | Farm |
| 7:34 | Scroll of Regeneration |
| 7:37 | Ivory Tower |
| 7:38 | Ivory Tower |
| 7:47 | Priest |
| 7:54 | Farm |
| 8:10 | Summon Water Elemental |
| 8:19 | Guard Tower |
| 8:20 | Guard Tower |
| 8:23 | Sorceress |
| 9:01 | Sorceress |
| 9:45 | Footman |
| 9:47 | Sorceress |
| 9:47 | Sorceress |
| Right click | 800 |
| Select | 380 |
| Select group | 275 |
| Assign group | 62 |
| Build/train/purchase | 62 |
| Misc. action | 28 |
| Use ability | 6 |
| Remove unit | 2 |


| Wisp | 8 | 480 | / | 0 |
| Archer | 9 | 1170 | / | 90 |
| Dryad | 1 | 145 | / | 60 |
| Druid of the Claw | 2 | 510 | / | 160 |
| total: | 20 | 2305g | / | 310w |
| Altar of Elders | 1 | 180 | / | 50 |
| Ancient of War | 1 | 150 | / | 60 |
| Moon Well | 4 | 720 | / | 160 |
| Hunter's Hall | 1 | 210 | / | 100 |
| Ancient of Wonders | 1 | 90 | / | 30 |
| Ancient of Lore | 3 | 465 | / | 435 |
| Tree of Ages | 1 | 320 | / | 180 |
| Tree of Eternity | 1 | 330 | / | 200 |
| total: | 11 | 1815g | / | 835w |
| 0:01 | Wisp |
| 0:03 | Altar of Elders |
| 0:05 | Wisp |
| 0:17 | Ancient of War |
| 0:21 | Moon Well |
| 0:31 | Wisp |
| 0:41 | Wisp |
| 0:50 | Wisp |
| 1:00 | Wisp |
| 1:15 | Wisp |
| 1:18 | Archer |
| 1:33 | Moon Well |
| 1:41 | Archer |
| 2:08 | Entangling Roots |
| 2:25 | Archer |
| 2:26 | Wisp |
| 3:13 | Tree of Ages |
| 3:16 | Moon Well |
| 3:28 | Archer |
| 3:43 | Archer |
| 4:21 | Moon Well |
| 5:00 | Archer |
| 5:34 | Tree of Eternity |
| 5:43 | Hunter's Hall |
| 5:44 | Force of Nature |
| 5:57 | Improved Bows |
| 6:00 | Archer |
| 6:50 | Entangling Roots |
| 6:57 | Archer |
| 7:06 | Trueshot Aura |
| 7:18 | Ancient of Lore |
| 7:20 | Ancient of Lore |
| 7:23 | Archer |
| 7:25 | Ancient of Lore |
| 7:31 | Strength of the Wild |
| 8:01 | Marksmanship |
| 8:38 | Ancient of Wonders |
| 8:39 | Dryad |
| 8:40 | Abolish Magic |
| 9:18 | Druid of the Claw |
| 9:58 | Druid of the Claw Adept Training |
| 9:59 | Druid of the Claw |
| 10:05 | Searing Arrows |
| Right click | 663 |
| Assign group | 340 |
| Select group | 317 |
| Select | 158 |
| Build/train/purchase | 46 |
| Use ability | 20 |
| Misc. action | 9 |
| Item give/drop | 1 |
35 units @ 5.4k
/ 0.6k
26 buildings @ 4.2k
/ 1.5k


| Healing Salve | 2 | 200 |
| Lesser Clarity Potion | 2 | 140 |
| total: | 4 | 340g |
| Peon | 7 | 525 | / | 0 |
| Grunt | 5 | 1000 | / | 0 |
| Spirit Walker | 1 | 195 | / | 35 |
| Demolisher | 2 | 440 | / | 100 |
| Forest Troll Shadow Priest | 1 | 195 | / | 10 |
| total: | 16 | 2355g | / | 145w |
| Altar of Storms | 1 | 180 | / | 50 |
| Orc Burrow | 8 | 1280 | / | 320 |
| Voodoo Lounge | 1 | 130 | / | 30 |
| Barracks | 2 | 360 | / | 100 |
| War Mill | 1 | 205 | / | 0 |
| Tauren Totem | 3 | 405 | / | 465 |
| Stronghold | 1 | 315 | / | 190 |
| Fortress | 1 | 325 | / | 190 |
| total: | 16 | 2560g | / | 965w |
| 0:05 | Peon |
| 0:05 | Peon |
| 0:11 | Peon |
| 0:20 | Altar of Storms |
| 0:31 | Orc Burrow |
| 0:38 | Peon |
| 0:54 | Peon |
| 0:54 | Peon |
| 1:05 | Voodoo Lounge |
| 1:19 | Peon |
| 1:24 | Barracks |
| 2:17 | Orc Burrow |
| 2:28 | Healing Salve |
| 2:28 | Lesser Clarity Potion |
| 2:29 | Grunt |
| 2:32 | Wind Walk |
| 2:42 | Stronghold |
| 2:55 | Orc Burrow |
| 3:01 | Orc Burrow |
| 3:21 | Orc Burrow |
| 3:25 | Orc Burrow |
| 3:34 | Grunt |
| 4:18 | Grunt |
| 4:22 | War Mill |
| 4:45 | Grunt |
| 5:12 | Berserker Strength |
| 5:26 | Critical Strike |
| 5:35 | Steel Melee Weapons |
| 6:07 | Tauren Totem |
| 6:19 | Grunt |
| 6:25 | Healing Salve |
| 6:25 | Lesser Clarity Potion |
| 6:40 | Hex |
| 7:10 | Fortress |
| 7:14 | Wind Walk |
| 7:23 | Forest Troll Shadow Priest |
| 7:42 | Tauren Totem |
| 7:43 | Spirit Walker |
| 7:46 | Tauren Totem |
| 8:08 | Orc Burrow |
| 8:11 | Healing Wave |
| 8:20 | Spirit Walker Adept Training |
| 8:25 | Orc Burrow |
| 8:51 | Demolisher |
| 9:39 | Demolisher |
| 10:16 | Barracks |
| Right click | 349 |
| Select | 212 |
| Select group | 182 |
| Build/train/purchase | 48 |
| Assign group | 18 |
| Use ability | 16 |
| Misc. action | 11 |
| Esc | 6 |
| Resource trade | 4 |
| Minimap ping | 3 |


| Lesser Clarity Potion | 1 | 70 |
| Potion of Healing | 2 | 300 |
| Rod of Necromancy | 1 | 150 |
| Potion of Mana | 1 | 200 |
| Dust of Appearance | 1 | 75 |
| Boots of Speed | 1 | 250 |
| Healing Salve | 1 | 100 |
| total: | 8 | 1145g |
| Acolyte | 5 | 375 | / | 0 |
| Ghoul | 3 | 360 | / | 0 |
| Crypt Fiend | 9 | 1935 | / | 360 |
| Obsidian Statue | 2 | 400 | / | 70 |
| total: | 19 | 3070g | / | 430w |
| Graveyard | 1 | 215 | / | 0 |
| Crypt | 2 | 400 | / | 100 |
| Ziggurat | 4 | 600 | / | 200 |
| Altar of Darkness | 1 | 180 | / | 50 |
| Tomb of Relics | 1 | 130 | / | 30 |
| Slaughterhouse | 1 | 140 | / | 135 |
| Halls of the Dead | 1 | 320 | / | 210 |
| Black Citadel | 3 | 975 | / | 690 |
| total: | 10 | 1665g | / | 515w |
| 0:03 | Acolyte |
| 0:07 | Graveyard |
| 0:09 | Crypt |
| 0:12 | Crypt |
| 0:18 | Acolyte |
| 0:18 | Acolyte |
| 0:18 | Acolyte |
| 0:38 | Ziggurat |
| 0:55 | Altar of Darkness |
| 1:15 | Ghoul |
| 1:26 | Tomb of Relics |
| 1:43 | Crypt Fiend |
| 1:43 | Crypt Fiend |
| 1:43 | Crypt Fiend |
| 2:15 | Crypt Fiend |
| 2:20 | Ziggurat |
| 2:52 | Acolyte |
| 2:57 | Death Coil |
| 3:13 | Crypt Fiend |
| 3:43 | Healing Salve |
| 3:43 | Lesser Clarity Potion |
| 3:55 | Crypt Fiend |
| 3:58 | Ziggurat |
| 4:28 | Ghoul |
| 4:48 | Ghoul |
| 4:52 | Halls of the Dead |
| 4:56 | Unholy Aura |
| 5:20 | Crypt Fiend |
| 5:49 | Dust of Appearance |
| 5:49 | Boots of Speed |
| 5:57 | Creature Attack |
| 6:00 | Ziggurat |
| 6:35 | Death Coil |
| 7:21 | Slaughterhouse |
| 7:31 | Black Citadel |
| 8:12 | Crypt Fiend |
| 8:18 | Potion of Healing |
| 8:18 | Rod of Necromancy |
| 8:22 | Frost Nova |
| 9:02 | Potion of Healing |
| 9:03 | Potion of Mana |
| 9:14 | Obsidian Statue |
| 10:05 | Dark Ritual |
| 10:11 | Obsidian Statue |
| 10:13 | Crypt Fiend |
| Right click | 676 |
| Select | 311 |
| Select group | 237 |
| Build/train/purchase | 52 |
| Assign group | 24 |
| Use ability | 20 |
| Misc. action | 14 |
| Item give/drop | 2 |
| Esc | 1 |
| Minimap ping | 1 |
โ